 Dungeon Crawl Stone Soup version 0.31-a0-237-g2d982f9f85 (webtiles) character file.

Game seed: 12916197195873252765

136 qw the Trooper (level 5, 0/33 HPs)
             Began as a Gargoyle Hexslinger on July 10, 2023.
             Killed from afar by an orc wizard (7 damage)
             ... with a magic dart
             ... on level 3 of the Dungeon.
             The game lasted 00:00:50 (1796 turns).

qw the Trooper (Gargoyle Hexslinger)                Turns: 1796, Time: 00:00:50

Health: 0/33       AC:  8    Str: 11    XL:     5   Next: 19%
Magic:  6/6        EV: 11    Int: 14    God:
Gold:   104        SH:  0    Dex: 14    Spells: 5/6 levels left

rFire   . . .        Y - +1 sling
rCold   . . .        (no shield)
rNeg    + . .        b - +0 leather armour
rPois   inf          (no helmet)
rElec   +            (no cloak)
rCorr   .            d - +0 pair of gloves
SInv    .            (no boots)
Will    .....        (no amulet)
Stlth   +            (no ring)
HPRegen 0.25/turn    (no ring)
MPRegen 0.10/turn

%: no passive effects
@: no status effects
A: sickness immunity, AC +4, negative energy resistance 1, electricity
resistance, torment resistance 1, petrification resistance
a: no special abilities


You were on level 3 of the Dungeon.
You visited 1 branch of the dungeon, and saw 3 of its levels.

You collected 124 gold pieces.
You spent 20 gold pieces at shops.


Innate Abilities, Weirdness & Mutations

You are immune to sickness and miasma.
Your stone body is resilient. (AC +4)
You are immune to poison.
You resist negative energy. (rN+)
You are resistant to electric shocks. (rElec)
You are resistant to unholy torment.
You are immune to petrification.


   Skills:
 - Level 4.2 Fighting
 + Level 3.5 Ranged Weapons
 - Level 1.5 Dodging
 - Level 1.0 Spellcasting
 - Level 2.6 Hexes


You had 5 spell levels left.
You knew the following spells:

 Your Spells              Type           Power      Damage    Failure   Level
a - Slow                  Hex            32%        N/A       12%         1

Your spell library contained the following spells:

 Spells                   Type           Power      Damage    Failure   Level
 Inner Flame              Hex/Fire       4%         N/A       52%         3
 Portal Projectile        Hex/Tloc       8%         N/A       52%         3
 Cause Fear               Hex            4%         N/A       75%         4

Inventory:

Hand Weapons
 Y - a +1 sling (weapon)
Armour
 b - a +0 leather armour (worn)
 d - a +0 pair of gloves (worn)
Scrolls
 a - 3 scrolls of identify
 c - a scroll of fear {unknown}
 j - a scroll of vulnerability {unknown}
Potions
 e - 3 potions of curing
 f - a potion of resistance {unknown}
 g - a potion of ambrosia {unknown}
 h - a potion of might
 i - a potion of heal wounds {unknown}

Dungeon Overview and Level Annotations

Branches:
Dungeon (3/15)

Altars:

Shops:
D:2 ?


Message History

The orc wizard is moderately wounded.
The giant cockroach misses you.
The orc wizard gestures at you while chanting.
The puff of flame hits you. Something hits you but does no damage.
The giant cockroach closely misses you.
You hear some strange, mumbled words.
A magic dart appears from out of thin air!
The magic dart hits you. The orc wizard closely misses you.
You shoot a sling bullet.
The sling bullet hits the orc wizard but does no damage.
The orc wizard is moderately wounded.
The giant cockroach bites you but does no damage.
The orc wizard casts a spell at you. The magic dart hits you.
Something hits you.
The giant cockroach bites you but does no damage.
You shoot a sling bullet.
The sling bullet completely misses the orc wizard.
The sling bullet barely misses the orc.
The orc wizard closely misses you. Something hits you but does no damage.
The giant cockroach bites you but does no damage.
You shoot a sling bullet.
The sling bullet barely misses the orc wizard.
The sling bullet hits the orc.
The orc is heavily wounded.
The giant cockroach closely misses you. Something hits you.
The orc wizard hits you but does no damage.
The giant cockroach closely misses you.
You shoot a sling bullet.
The sling bullet hits the orc wizard but does no damage.
The orc wizard is moderately wounded.
The orc wizard points at you and mumbles some strange words.
The magic dart hits you but does no damage.
Something completely misses you.
The giant cockroach bites you but does no damage.
The orc wizard points at you and mumbles some strange words.
The magic dart hits you!
You hear some strange, mumbled words.
A magic dart appears from out of thin air!
The magic dart hits you!
You die...

..#.#.....#. #..
#.#.#.....#. # #.#
#.#.......#. #.
..#####...........
.##............####. #
....####......#....
)#.##
.o.#.........#.##.
....##oB#.####..#.#.#..
#..#@{#:..##.##.#.#.#
.## #...## .....#.#.#..
....##...#####..#.#.##.
#..............#....
#.........#....###..
....####.....#....# #..
.##. #.......#....###..
# #.##.....#......... #
#...####.%.####.#


You could see an orc wizard, an orc (strong) and a giant cockroach.

Vanquished Creatures
  An ogre (D:2)
  2 dart slugs
  An orc (D:3)
  4 ball pythons
  5 bats
  2 endoplasms
  3 giant cockroaches
  4 goblins
  2 hobgoblins (D:1)
  10 jackals
  A quokka (D:1)
  2 frilled lizards
  4 rats
41 creatures vanquished.

Notes
Turn   | Place    | Note
-------+----------+-------------------------------------------
     0 | D:1      | qw the Gargoyle Hexslinger began the quest for the Orb.
     0 | D:1      | Reached XP level 1. HP: 12/12 MP: 2/2
     0 | D:1      | 0 ||| qw: Version: 0.3-a-52-g30416fa
     0 | D:1      | 0 ||| qw: Game counter: 5304
     0 | D:1      | 0 ||| qw: Melee chars always use a shield: true
     0 | D:1      | 0 ||| qw: God list: Okawaru
     0 | D:1      | 0 ||| qw: Allow faded altars: false
     0 | D:1      | 0 ||| qw: Do Orc after clearing Dungeon:15 true
     0 | D:1      | 0 ||| qw: Do second Lair branch before Depths: true
     0 | D:1      | 0 ||| qw: Lair rune preference: random
     0 | D:1      | 0 ||| qw: Goals: Normal
     0 | D:1      | 0 ||| PLANNING D:1-11
   118 | D:1      | Reached XP level 2. HP: 15/16 MP: 3/3
   319 | D:1      | 319 ||| FLEEEEING.
   320 | D:1      | 320 ||| FLEEEEING.
   321 | D:1      | 321 ||| FLEEEEING.
   322 | D:1      | 322 ||| FLEEEEING.
   323 | D:1      | 323 ||| FLEEEEING.
   324 | D:1      | 324 ||| FLEEEEING.
   340 | D:1      | 340 ||| FLEEEEING.
   350 | D:1      | Reached skill level 3 in Ranged Weapons
   528 | D:1      | HP: 4/16 [quokka (4)]
   743 | D:1      | 743 ||| READING 2 scrolls labelled MUME LIOXAUC.
   744 | D:1      | 744 ||| READING 2 scrolls labelled ESIFAL BOPTIDUHEIS.
   745 | D:1      | 745 ||| READING scroll labelled MOFIECZ IDAD.
   750 | D:1      | 750 ||| READING scroll labelled TEQINAE EMYBLE.
   751 | D:1      | 751 ||| DROPPING scroll of poison.
   752 | D:1      | 752 ||| DROPPING scroll of blinking.
   797 | D:2      | Noticed an ogre
   811 | D:2      | Killed an ogre
   812 | D:2      | Reached skill level 4 in Fighting
   812 | D:2      | Reached XP level 3. HP: 24/24 MP: 4/4
   812 | D:2      | Reached XP level 4. HP: 29/29 MP: 5/5
  1037 | D:2      | Found Qaacavac's Magic Scroll Emporium.
  1045 | D:2      | 1045 ||| BUYING scroll of identify (20 gold).
  1045 | D:2      | Bought a scroll of identify for 20 gold pieces
  1045 | D:2      | 1045 ||| SHOPLISTING scroll of identify (20 gold, have 10).
  1045 | D:2      | 1045 ||| SHOPLISTING scroll of teleportation (30 gold, have
                  | 10).
  1218 | D:2      | Reached XP level 5. HP: 33/33 MP: 6/6
  1431 | D:2      | 1431 ||| UPGRADING to +0 leather armour.
  1441 | D:2      | 1441 ||| DROPPING +0 robe.
  1442 | D:2      | 1442 ||| UPGRADING to +0 pair of gloves.
  1447 | D:2      | 1447 ||| READING scroll labelled KUMO UZUICWES.
  1448 | D:2      | 1448 ||| DRINKING 2 glowing emerald potions.
  1449 | D:2      | 1449 ||| READING 2 scrolls of identify.
  1449 | D:2      | 1449 ||| IDENTIFYING lumpy sapphire potion
  1450 | D:2      | 1450 ||| DROPPING potion of attraction.
  1796 | D:3      | HP: 7/33 [orc wizard/magic dart (7)]
  1796 | D:3      | Killed from afar by an orc wizard

Levels and vault maps discovered:
D:1:      dpeg_arrival_shrine, layout_loops_ring
D:2:      layout_loops_ring, serial_shops, nicolae_shop_pleasant_corner_grove,
          minmay_misc_feat_alley
D:3:      layout_basic, grunt_decor_cap, st_stairs_9, nicolae_eternal_life

Skill      XL: |  1  2 |
---------------+-------+-----
Ranged Weapons | 3 |  3.5
Fighting       | 4 |  4.2
Dodging        | |  1.5
Spellcasting   | |  1.0
Hexes          | |  2.6

Action                     |  1- 3 |  4- 6 || total
---------------------------+-------+-------++-------
   Fire: Sling             |   100 |   101 ||   201
    Use: Scroll            |     4 |     2 ||     6
         Potion            |       |     1 ||     1
 Armour: Robe              |    19 |    12 ||    31
         Leather armour    |       |    35 ||    35
  Dodge: Dodged            |    33 |    74 ||   107

Table legend:
 A = Non-vault XP
 B = Vault XP
 C = Vault XP percentage of total XP
 D = Non-vault monster count
 E = Vault monster count
 F = Vault count percentage of total count
                 A         B        C        D         E       F
            +---------+---------+-------+---------+---------+-------
      Total |     192 |       3 |   1.5 |      39 |       2 |   4.9
            +---------+---------+-------+---------+---------+-------
        D:1 |      31 |       0 |   0.0 |      16 |       0 |   0.0
        D:2 |     137 |       0 |   0.0 |      10 |       0 |   0.0
        D:3 |      24 |       3 |  11.1 |      13 |       2 |  13.3
            +---------+---------+-------+---------+---------+-------
